WCHLSIM.com - West Coast Hockey League
html PUBLIC "-//W3C//DTD XHTML 1.0 Transitional//EN" "http://www.w3.org/TR/xhtml1/DTD/xhtml1-transitional.dtd"> WCHL - Game 1266 - ANAHEIM OUTLAWS vs UTAH ICE BEARS

ANAHEIM OUTLAWS vs UTAH ICE BEARS

Created - 17 avril 2024 at 22:46

Goals
1 2 3 T
ANAHEIM OUTLAWS 1 2 1 4
UTAH ICE BEARS 1 2 2 5
Shots
1 2 3 T
ANAHEIM OUTLAWS 7 7 11 25
UTAH ICE BEARS 7 18 7 32

1st period

1. UTAH ICE BEARS , Matthew Tkachuk 34 (Andrew Peeke 12, Alexander Ovechkin 45) at 8:32
2. ANAHEIM OUTLAWS , Michael Bunting 20 (Rasmus Ristolainen 11) at 12:42

Penalties :
No Penalty

2nd period

3. ANAHEIM OUTLAWS , Kevin Fiala 23 (Morgan Rielly 46, Jeff Skinner 36) at 0:48
4. UTAH ICE BEARS , Alexander Ovechkin 37 (Evgeni Malkin 58, Matthew Tkachuk 52) at 1:24
5. ANAHEIM OUTLAWS , Kevin Fiala 24 (Jeff Skinner 37, Morgan Rielly 47) at 9:24
6. UTAH ICE BEARS , Morgan Frost 10 (Matthew Tkachuk 53, Evgeni Malkin 59) at 13:06

Penalties :
Rasmus Ristolainen (ANA) for Holding (Minor) at 11:02, Victor Soderstrom (ANA) for Tripping (Minor) at 15:25

3rd period

7. UTAH ICE BEARS , Evgeni Malkin 27 (Alexander Ovechkin 46, Kristopher Letang 34) at 11:00
8. ANAHEIM OUTLAWS , Kent Johnson 9 (Pius Suter 12, Rasmus Ristolainen 12) at 13:37
9. UTAH ICE BEARS , Evgeni Malkin 28 (Matthew Tkachuk 54, Alexander Ovechkin 47) at 14:39

Penalties :
No Penalty

Goalie Stats

Lukas Dostal (ANA), 27 saves from 32 shots - (0,844), L, 0-1-0, 59:49 minutes
Thatcher Demko (UTA), 21 saves from 25 shots - (0,840), W, 28-21-6, 60:00 minutes

Players Stats for ANAHEIM OUTLAWS

Player Name              G  A  P  +/- PIM S  H  SB GA TA FO     MP     PP MP  PK MP  
------------------------------------------------------------------------------------
Adrian Kempe             0  0  0  -3  0   2  0  1  0  0  7/18   19:18   0:00   0:46 
Carter Verhaeghe         0  0  0  -3  0   4  2  0  0  0  1/2    18:21   0:00   0:05 
David Gustafsson         0  0  0   0  0   0  0  0  0  0  0/0     6:26   0:00   0:00 
Henri Jokiharju          0  0  0  -2  0   0  3  2  0  0  0/0    19:40   0:00   2:13 
Ian Mitchell             0  0  0   0  0   0  0  0  0  0  0/0     0:38   0:00   0:38 
Jack Quinn               0  0  0   0  0   1  1  0  0  0  0/0    14:21   0:00   0:00 
Jeff Skinner             0  2  2   2  0   4  2  0  0  0  0/1    18:30   0:00   1:45 
Joey Anderson            0  0  0   2  0   0  0  1  0  0  0/3    16:43   0:00   0:00 
Kent Johnson             1  0  1   0  0   4  1  0  0  0  1/3    16:43   0:00   2:08 
Kevin Fiala              2  0  2   2  0   3  2  0  0  0  9/27   24:36   0:00   1:27 
Michael Bunting          1  0  1  -3  0   1  1  0  0  0  0/2    20:17   0:00   1:45 
Morgan Rielly            0  2  2   1  0   1  3  1  0  0  0/0    24:18   0:00   2:07 
Noah Hanifin             0  0  0  -2  0   1  1  0  0  0  0/0    22:46   0:00   1:51 
Oliver Ekman-Larsson     0  0  0   0  0   1  0  1  0  0  0/0    16:24   0:00   0:00 
Pierre Engvall           0  0  0   0  0   0  0  0  0  0  0/1     6:26   0:00   0:00 
Pius Suter               0  1  1   0  0   2  2  0  0  0  3/15   14:21   0:00   0:00 
Rasmus Ristolainen       0  2  2   0  2   1  0  2  0  0  0/0    17:30   0:00   1:07 
Victor Soderstrom        0  0  0   1  2   0  6  2  0  0  0/0    18:42   0:00   0:00 

Players Stats for UTAH ICE BEARS

Player Name              G  A  P  +/- PIM S  H  SB GA TA FO     MP     PP MP  PK MP  
------------------------------------------------------------------------------------
Alexander Barabanov      0  0  0  -3  0   4  3  0  0  0  1/4    19:35   1:37   0:00 
Alexander Ovechkin       1  3  4   4  0   9  2  0  0  0  2/2    22:21   2:21   0:00 
Andrew Mangiapane        0  0  0   0  0   0  0  0  0  0  1/2     4:59   0:00   0:00 
Andrew Peeke             0  1  1   0  0   1  1  2  0  0  0/0    16:51   0:00   0:00 
Artem Zub                0  0  0   0  0   1  1  1  0  0  0/0    22:35   1:38   0:00 
Blake Lizotte            0  0  0   0  0   0  0  0  0  0  3/3     4:51   0:00   0:00 
Bowen Byram              0  0  0   0  0   0  2  1  0  0  0/0    19:11   2:20   0:00 
Casey Mittelstadt        0  0  0   0  0   0  0  0  0  0  1/1     4:51   0:00   0:00 
David Savard             0  0  0   1  0   1  0  0  0  0  0/0    18:30   0:00   0:00 
Evgeni Malkin            2  2  4   4  0   3  1  0  0  0  16/21  22:21   2:21   0:00 
Jordan Eberle            0  0  0  -3  0   3  1  0  0  0  2/2    19:35   1:37   0:00 
Kristopher Letang        0  1  1   0  0   1  0  0  0  0  0/0    23:01   2:20   0:00 
Lucas Raymond            0  0  0   0  0   2  1  0  0  0  2/3    13:13   0:00   0:00 
MacKenzie Weegar         0  0  0   1  0   0  1  1  0  0  0/0    19:52   1:38   0:00 
Matias Maccelli          0  0  0   0  0   1  0  0  0  0  0/0    13:13   0:00   0:00 
Matthew Beniers          0  0  0  -3  0   1  1  0  0  0  11/18  19:27   1:37   0:00 
Matthew Tkachuk          1  3  4   4  0   4  1  0  0  0  3/4    22:21   2:21   0:00 
Morgan Frost             1  0  1   0  0   1  0  0  0  0  9/12   13:13   0:00   0:00 

3 Stars

1 - Evgeni Malkin (UTA)
2 - Alexander Ovechkin (UTA)
3 - Matthew Tkachuk (UTA)

Power Play

ANAHEIM OUTLAWS - 0 on 0 Attempt(s) - 0,00%
UTAH ICE BEARS - 0 on 2 Attempt(s) - 0,00%

Penalty Kill

ANAHEIM OUTLAWS - 2 on 2 Attempt(s) - 100,00% - Score 0 goal in Penalty Kill
UTAH ICE BEARS - 0 on 0 Attempt(s) - 0,00% - Score 0 goal in Penalty Kill

Team Stat

ANAHEIM OUTLAWS - Hits : 24 - Faceoff Wins : 21 - Blocked Shots : 10 - Penalty Minutes : 4
UTAH ICE BEARS - Hits : 15 - Faceoff Wins : 51 - Blocked Shots : 5 - Penalty Minutes : 0

Official

Referees : Dean Morton and Brian Pochmara
Linesman : Shaun Morgan and Tony Sericolo

Game Notes

No Game Note

Finance

Level 1 -- Attendance: 4979 (64,25%) -- Ticket Income 896 220 $
Level 2 -- Attendance: 3658 (63,62%) -- Ticket Income 512 120 $
Level 3 -- Attendance: 1956 (78,24%) -- Ticket Income 195 600 $
Level 4 -- Attendance: 3087 (61,74%) -- Ticket Income 246 960 $
Luxury Box -- Attendance: 703 (70,30%) -- Ticket Income 246 050 $
Total Attendance: 14383 (65,38%)
Total Ticket Income: 2 096 950 $
Other Expense: 20 970 $
Total Income: 2 075 980 $

ANAHEIM OUTLAWS

5 vs 5 Forward 
   Center                   Left Wing                Right Wing               Time % Phy DF OF 
 1 Kevin Fiala              Jeff Skinner             Joey Anderson            36     1   2  2  
 2 Adrian Kempe             Michael Bunting          Carter Verhaeghe         31     1   2  2  
 3 Pius Suter               Kent Johnson             Jack Quinn               23     1   2  2  
 4 Kevin Fiala              Pierre Engvall           David Gustafsson         10     1   2  2  

5 vs 5 Defense 
   Defense                  Defense                                           Time % Phy DF OF 
 1 Victor Soderstrom        Morgan Rielly                                     36     1   2  2  
 2 Noah Hanifin             Henri Jokiharju                                   31     1   2  2  
 3 Rasmus Ristolainen       Oliver Ekman-Larsson                              23     1   2  2  
 4 Noah Hanifin             Morgan Rielly                                     10     1   2  2  

PowerPlay Forward 
   Center                   Left Wing                Right Wing               Time % Phy DF OF 
 1 Kevin Fiala              Jeff Skinner             Kent Johnson             55     1   2  2  
 2 Adrian Kempe             Michael Bunting          Joey Anderson            45     1   2  2  

PowerPlay Defense
   Defense                  Defense                                           Time % Phy DF OF 
 1 Victor Soderstrom        Morgan Rielly                                     55     1   2  2  
 2 Noah Hanifin             Henri Jokiharju                                   45     1   2  2  

Penalty Kill 4 Players Forward 
   Center                   Wing                     Time % Phy DF OF 
 1 Kent Johnson             Kevin Fiala              55     1   2  2  
 2 Jeff Skinner             Michael Bunting          45     1   2  2  

Penalty Kill 4 Players Defense
   Defense                  Defense                  Time % Phy DF OF 
 1 Rasmus Ristolainen       Morgan Rielly            55     1   2  2  
 2 Noah Hanifin             Henri Jokiharju          45     1   2  2  

Penalty Kill - 3 Players Forward 
   Forward                                           Time % Phy DF OF 
 1 Kent Johnson                                      55     1   2  2  
 2 Michael Bunting                                   45     1   2  2  

Penalty Kill - 3 Players Defense
   Defense                  Defense                  Time % Phy DF OF 
 1 Rasmus Ristolainen       Morgan Rielly            55     1   2  2  
 2 Noah Hanifin             Henri Jokiharju          45     1   2  2  

4 vs 4 Forward 
   Center                   Wing                     Time % Phy DF OF 
 1 Jeff Skinner             Kevin Fiala              55     1   2  2  
 2 Kent Johnson             Michael Bunting          45     1   2  2  

4 vs 4 Defense
   Defense                  Defense                  Time % Phy DF OF 
 1 Victor Soderstrom        Morgan Rielly            55     1   2  2  
 2 Noah Hanifin             Henri Jokiharju          45     1   2  2  

Last Minutes Offensive
   Center                   Left Wing                Right Wing               Defense                  Defense                  
   Adrian Kempe             Joey Anderson            Jeff Skinner             Victor Soderstrom        Morgan Rielly            

Last Minutes Defensive
   Center                   Left Wing                Right Wing               Defense                  Defense                  
   Adrian Kempe             Joey Anderson            Jeff Skinner             Victor Soderstrom        Morgan Rielly            

Goaltenders
Starting : Lukas Dostal             
Backup : Jacob Markstrom          

Extra Forwards
Normal : Jeff Skinner, Michael Bunting, Kent Johnson - PP : Michael Bunting, Kent Johnson - PK : Kent Johnson
Extra Defensemen
Normal : Morgan Rielly, Noah Hanifin, Henri Jokiharju - PP : Noah Hanifin - PK : Noah Hanifin, Henri Jokiharju
Penalty Shots
Kent Johnson, Kevin Fiala, Joey Anderson, Michael Bunting, Jeff Skinner
Custom OT Lines Forwards
Kevin Fiala, Joey Anderson, Jeff Skinner, Michael Bunting, Adrian Kempe, Carter Verhaeghe, David Gustafsson, Pierre Engvall, Kent Johnson, Jack Quinn
Custom OT Lines Defensemen
Rasmus Ristolainen, Morgan Rielly, Noah Hanifin, Henri Jokiharju, Oliver Ekman-Larsson

Scratches
Jacob Trouba (Right Hand Injury), Michael Rasmussen (Bruised Right Foot Injury), Mackenzie Blackwood (Right Eye Injury)

UTAH ICE BEARS

5 vs 5 Forward 
   Center                   Left Wing                Right Wing               Time % Phy DF OF 
 1 Evgeni Malkin            Alexander Ovechkin       Matthew Tkachuk          38     0   2  3  
 2 Matthew Beniers          Alexander Barabanov      Jordan Eberle            34     1   2  2  
 3 Morgan Frost             Matias Maccelli          Lucas Raymond            23     1   2  2  
 4 Blake Lizotte            Casey Mittelstadt        Andrew Mangiapane        5      0   3  2  

5 vs 5 Defense 
   Defense                  Defense                                           Time % Phy DF OF 
 1 Kristopher Letang        Artem Zub                                         36     1   2  2  
 2 MacKenzie Weegar         David Savard                                      31     1   2  2  
 3 Bowen Byram              Andrew Peeke                                      23     0   3  2  
 4 Kristopher Letang        Artem Zub                                         10     1   2  2  

PowerPlay Forward 
   Center                   Left Wing                Right Wing               Time % Phy DF OF 
 1 Evgeni Malkin            Alexander Ovechkin       Matthew Tkachuk          55     1   0  4  
 2 Matthew Beniers          Alexander Barabanov      Jordan Eberle            45     1   2  2  

PowerPlay Defense
   Defense                  Defense                                           Time % Phy DF OF 
 1 Kristopher Letang        Bowen Byram                                       55     1   2  2  
 2 MacKenzie Weegar         Artem Zub                                         45     1   2  2  

Penalty Kill 4 Players Forward 
   Center                   Wing                     Time % Phy DF OF 
 1 Morgan Frost             Andrew Mangiapane        55     0   4  1  
 2 Blake Lizotte            Casey Mittelstadt        45     0   4  1  

Penalty Kill 4 Players Defense
   Defense                  Defense                  Time % Phy DF OF 
 1 Andrew Peeke             David Savard             55     1   2  2  
 2 MacKenzie Weegar         Artem Zub                45     1   2  2  

Penalty Kill - 3 Players Forward 
   Forward                                           Time % Phy DF OF 
 1 Morgan Frost                                      55     1   2  2  
 2 Blake Lizotte                                     45     1   2  2  

Penalty Kill - 3 Players Defense
   Defense                  Defense                  Time % Phy DF OF 
 1 Kristopher Letang        David Savard             55     1   4  0  
 2 MacKenzie Weegar         Artem Zub                45     1   4  0  

4 vs 4 Forward 
   Center                   Wing                     Time % Phy DF OF 
 1 Evgeni Malkin            Alexander Ovechkin       55     1   2  2  
 2 Matthew Tkachuk          Jordan Eberle            45     1   2  2  

4 vs 4 Defense
   Defense                  Defense                  Time % Phy DF OF 
 1 Kristopher Letang        David Savard             55     1   2  2  
 2 MacKenzie Weegar         Artem Zub                45     1   2  2  

Last Minutes Offensive
   Center                   Left Wing                Right Wing               Defense                  Defense                  
   Evgeni Malkin            Alexander Ovechkin       Matthew Tkachuk          Kristopher Letang        David Savard             

Last Minutes Defensive
   Center                   Left Wing                Right Wing               Defense                  Defense                  
   Evgeni Malkin            Alexander Ovechkin       Matthew Tkachuk          Artem Zub                David Savard             

Goaltenders
Starting : Thatcher Demko           
Backup : Connor Ingram            

Extra Forwards
Normal : Matthew Tkachuk, Alexander Ovechkin, Jordan Eberle - PP : Casey Mittelstadt, Andrew Mangiapane - PK : Morgan Frost
Extra Defensemen
Normal : Bowen Byram, Andrew Peeke, MacKenzie Weegar - PP : Bowen Byram - PK : Andrew Peeke, MacKenzie Weegar
Penalty Shots
Evgeni Malkin, Alexander Ovechkin, Matthew Tkachuk, Jordan Eberle, Alexander Barabanov
Custom OT Lines Forwards
Evgeni Malkin, Alexander Ovechkin, Matthew Tkachuk, Jordan Eberle, Alexander Barabanov, Matthew Beniers, Casey Mittelstadt, Morgan Frost, Andrew Mangiapane, Matias Maccelli
Custom OT Lines Defensemen
Kristopher Letang, David Savard, MacKenzie Weegar, Artem Zub, Bowen Byram

Scratches
Ross Colton (Healthy)

% Time on Ice - ANAHEIM OUTLAWS

Lines # - Real PCT - Wanted PCT - Time Play
Normal Forward
1 - 30% - 36% - 16:43
2 - 33% - 31% - 18:16
3 - 26% - 23% - 14:21
4 - 12% - 10% - 6:26
Normal Defense
1 - 33% - 36% - 18:27
2 - 31% - 31% - 17:15
3 - 29% - 23% - 16:24
4 - 7% - 10% - 3:40
PP Forward
1 - 0% - 55%
2 - 0% - 45%
PP Defense
1 - 0% - 55%
2 - 0% - 45%
PK Forward
1 - 56% - 55% - 2:13
2 - 44% - 45% - 1:45
PK Defense
1 - 53% - 55% - 2:07
2 - 47% - 45% - 1:51
PK3 Forward
1 - 0% - 55%
2 - 0% - 45%
PK3 Defense
1 - 0% - 55%
2 - 0% - 45%
44 Forward
1 - 0% - 55%
2 - 0% - 45%
44 Defense
1 - 0% - 55%
2 - 0% - 45%
Last Minute Offensive  - 0:16
Last Minute Defensive  - 0:00
Total
Forward - 60:00
Defense - 60:00

% Time on Ice - UTAH ICE BEARS

Lines # - Real PCT - Wanted PCT - Time Play
Normal Forward
1 - 35% - 38% - 19:44
2 - 32% - 34% - 17:50
3 - 24% - 23% - 13:13
4 - 9% - 5% - 4:51
Normal Defense
1 - 32% - 36% - 17:54
2 - 33% - 31% - 18:14
3 - 30% - 23% - 16:51
4 - 5% - 10% - 2:39
PP Forward
1 - 59% - 55% - 2:21
2 - 41% - 45% - 1:37
PP Defense
1 - 59% - 55% - 2:20
2 - 41% - 45% - 1:38
PK Forward
1 - 0% - 55%
2 - 0% - 45%
PK Defense
1 - 0% - 55%
2 - 0% - 45%
PK3 Forward
1 - 0% - 55%
2 - 0% - 45%
PK3 Defense
1 - 0% - 55%
2 - 0% - 45%
44 Forward
1 - 0% - 55%
2 - 0% - 45%
44 Defense
1 - 0% - 55%
2 - 0% - 45%
Last Minute Offensive  - 0:00
Last Minute Defensive  - 0:24
Total
Forward - 60:00
Defense - 60:00

Play-by-Play

1st period


0:01 of 1st period - Matthew Tkachuk wins face-off versus Kevin Fiala in neutral zone.
0:01 of 1st period - Matthew Tkachuk is hit by Jeff Skinner.
0:28 of 1st period - Icing by Morgan Rielly.
0:29 of 1st period - Matthew Beniers wins face-off versus Kevin Fiala in ANAHEIM OUTLAWS zone.
0:31 of 1st period - Alexander Barabanov is hit by Victor Soderstrom and loses puck.
1:12 of 1st period - Shot by Matthew Beniers.
1:12 of 1st period - Shot Misses the Net.
2:22 of 1st period - Shot by Kent Johnson.
2:22 of 1st period - Shot Blocked by Andrew Peeke.
2:30 of 1st period - Shot by Kent Johnson.
2:30 of 1st period - Stopped by Thatcher Demko without a rebound.
2:31 of 1st period - Evgeni Malkin wins face-off versus Pierre Engvall in UTAH ICE BEARS zone.
2:35 of 1st period - Evgeni Malkin is hit by Victor Soderstrom and loses puck.
2:45 of 1st period - Off-side.
2:46 of 1st period - Blake Lizotte wins face-off versus Joey Anderson in neutral zone.
3:51 of 1st period - Off-side.
3:52 of 1st period - Pius Suter wins face-off versus Matthew Tkachuk in neutral zone.
4:01 of 1st period - Shot by Kent Johnson.
4:01 of 1st period - Shot Misses the Net.
4:03 of 1st period - Shot by Pius Suter.
4:03 of 1st period - Shot Misses the Net.
4:24 of 1st period - Icing by Oliver Ekman-Larsson.
4:25 of 1st period - Matthew Beniers wins face-off versus Pius Suter in ANAHEIM OUTLAWS zone.
5:13 of 1st period - Shot by Alexander Barabanov.
5:13 of 1st period - Stopped by Lukas Dostal with a rebound.
5:55 of 1st period - Shot by Matthew Tkachuk.
5:55 of 1st period - Stopped by Lukas Dostal without a rebound.
5:56 of 1st period - Morgan Frost wins face-off versus Kevin Fiala in ANAHEIM OUTLAWS zone.
6:07 of 1st period - Shot by Lucas Raymond.
6:07 of 1st period - Stopped by Lukas Dostal without a rebound.
6:08 of 1st period - Casey Mittelstadt wins face-off versus Kevin Fiala in ANAHEIM OUTLAWS zone.
7:10 of 1st period - Shot by Matthew Beniers.
7:10 of 1st period - Shot Misses the Net.
7:46 of 1st period - Shot by Alexander Barabanov.
7:46 of 1st period - Shot Blocked by Rasmus Ristolainen.
8:18 of 1st period - Evgeni Malkin is hit by Henri Jokiharju.
8:25 of 1st period - Matthew Tkachuk is hit by Henri Jokiharju and loses puck.
8:32 of 1st period - Shot by Matthew Tkachuk.
8:32 of 1st period - Goal by Matthew Tkachuk - ANAHEIM OUTLAWS : 0 - UTAH ICE BEARS : 1.
8:33 of 1st period - Lucas Raymond wins face-off versus Kevin Fiala in neutral zone.
8:40 of 1st period - Shot by Morgan Frost.
8:40 of 1st period - Shot Blocked by Victor Soderstrom.
8:48 of 1st period - Shot by Lucas Raymond.
8:48 of 1st period - Shot Misses the Net.
8:50 of 1st period - Shot by David Savard.
8:50 of 1st period - Stopped by Lukas Dostal without a rebound.
8:51 of 1st period - Evgeni Malkin wins face-off versus Kevin Fiala in ANAHEIM OUTLAWS zone.
8:52 of 1st period - Shot by Matthew Tkachuk.
8:52 of 1st period - Shot Misses the Net.
9:12 of 1st period - Icing by Bowen Byram.
9:13 of 1st period - Evgeni Malkin wins face-off versus Adrian Kempe in UTAH ICE BEARS zone.
9:13 of 1st period - Evgeni Malkin is hit by Carter Verhaeghe.
9:35 of 1st period - Shot by Matthew Tkachuk.
9:35 of 1st period - Deflect By Evgeni Malkin.
9:35 of 1st period - Shot Blocked by Victor Soderstrom.
10:30 of 1st period - Shot by Noah Hanifin.
10:30 of 1st period - Shot Misses the Net.
10:40 of 1st period - Shot by Jeff Skinner.
10:40 of 1st period - Stopped by Thatcher Demko without a rebound.
10:41 of 1st period - Pius Suter wins face-off versus Matthew Beniers in UTAH ICE BEARS zone.
11:14 of 1st period - Shot by Matthew Beniers.
11:14 of 1st period - Deflect By Alexander Barabanov.
11:14 of 1st period - Stopped by Lukas Dostal without a rebound.
11:15 of 1st period - Evgeni Malkin wins face-off versus Kevin Fiala in ANAHEIM OUTLAWS zone.
11:39 of 1st period - Kevin Fiala is hit by Bowen Byram and loses puck.
12:33 of 1st period - Adrian Kempe is hit by Artem Zub and loses puck.
12:42 of 1st period - Shot by Michael Bunting.
12:42 of 1st period - Goal by Michael Bunting - ANAHEIM OUTLAWS : 1 - UTAH ICE BEARS : 1.
12:43 of 1st period - Morgan Frost wins face-off versus Pius Suter in neutral zone.
12:48 of 1st period - Shot by Matias Maccelli.
12:48 of 1st period - Shot Misses the Net.
12:54 of 1st period - MacKenzie Weegar is hit by Pius Suter and loses puck.
14:00 of 1st period - Shot by Jeff Skinner.
14:00 of 1st period - Stopped by Thatcher Demko without a rebound.
14:01 of 1st period - Matthew Tkachuk wins face-off versus Michael Bunting in UTAH ICE BEARS zone.
14:14 of 1st period - Shot by Evgeni Malkin.
14:14 of 1st period - Shot Misses the Net.
14:44 of 1st period - Shot by Alexander Ovechkin.
14:44 of 1st period - Stopped by Lukas Dostal without a rebound.
14:45 of 1st period - Kevin Fiala wins face-off versus Matthew Beniers in ANAHEIM OUTLAWS zone.
14:45 of 1st period - Kevin Fiala is hit by Matthew Beniers.
14:56 of 1st period - Icing by Jordan Eberle.
14:57 of 1st period - Matthew Beniers wins face-off versus Pius Suter in UTAH ICE BEARS zone.
15:49 of 1st period - Kristopher Letang is hit by Jeff Skinner and loses puck.
16:19 of 1st period - Evgeni Malkin is hit by Morgan Rielly and loses puck.
16:23 of 1st period - Matthew Tkachuk is hit by Victor Soderstrom and loses puck.
16:43 of 1st period - Icing by Matthew Tkachuk.
16:44 of 1st period - Alexander Ovechkin wins face-off versus Carter Verhaeghe in UTAH ICE BEARS zone.
18:29 of 1st period - Shot by Kent Johnson.
18:29 of 1st period - Stopped by Thatcher Demko with a rebound.
18:31 of 1st period - Shot by Henri Jokiharju.
18:31 of 1st period - Shot Blocked by Artem Zub.
18:33 of 1st period - Shot by Noah Hanifin.
18:33 of 1st period - Stopped by Thatcher Demko without a rebound.
18:34 of 1st period - Andrew Mangiapane wins face-off versus Kevin Fiala in UTAH ICE BEARS zone.
18:36 of 1st period - Icing by Blake Lizotte.
18:37 of 1st period - Kevin Fiala wins face-off versus Andrew Mangiapane in UTAH ICE BEARS zone.
18:42 of 1st period - Shot by Kevin Fiala.
18:42 of 1st period - Shot Hit the Post.
19:51 of 1st period - Shot by Pius Suter.
19:51 of 1st period - Deflect By Kent Johnson.
19:51 of 1st period - Shot Blocked by MacKenzie Weegar.
19:53 of 1st period - Shot by Pius Suter.
19:53 of 1st period - Stopped by Thatcher Demko without a rebound.
19:54 of 1st period - Adrian Kempe wins face-off versus Evgeni Malkin in UTAH ICE BEARS zone.
19:54 of 1st period - Michael Bunting is hit by Andrew Peeke and loses puck.
Goals for this period are 1 for ANAHEIM OUTLAWS vs 1 for UTAH ICE BEARS.
Shots for this period are 7 for ANAHEIM OUTLAWS vs 7 for UTAH ICE BEARS.

2nd period


0:01 of 2nd period - Evgeni Malkin wins face-off versus Kevin Fiala in neutral zone.
0:04 of 2nd period - Victor Soderstrom is hit by Matthew Tkachuk and loses puck.
0:09 of 2nd period - Shot by Alexander Ovechkin.
0:09 of 2nd period - Stopped by Lukas Dostal with a rebound.
0:11 of 2nd period - Shot by Artem Zub.
0:11 of 2nd period - Shot Misses the Net.
0:13 of 2nd period - Shot by Evgeni Malkin.
0:13 of 2nd period - Shot Misses the Net.
0:15 of 2nd period - Shot by Matthew Tkachuk.
0:15 of 2nd period - Stopped by Lukas Dostal without a rebound.
0:16 of 2nd period - Adrian Kempe wins face-off versus Matthew Beniers in ANAHEIM OUTLAWS zone.
0:23 of 2nd period - Shot by Alexander Barabanov.
0:23 of 2nd period - Stopped by Lukas Dostal without a rebound.
0:24 of 2nd period - Jordan Eberle wins face-off versus Kevin Fiala in ANAHEIM OUTLAWS zone.
0:29 of 2nd period - Shot by Matthew Beniers.
0:29 of 2nd period - Shot Misses the Net.
0:38 of 2nd period - Jeff Skinner is hit by Jordan Eberle and loses puck.
0:48 of 2nd period - Shot by Kevin Fiala.
0:48 of 2nd period - Goal by Kevin Fiala - ANAHEIM OUTLAWS : 2 - UTAH ICE BEARS : 1.
0:49 of 2nd period - Matthew Tkachuk wins face-off versus Adrian Kempe in neutral zone.
1:08 of 2nd period - Shot by Alexander Ovechkin.
1:08 of 2nd period - Shot Misses the Net.
1:10 of 2nd period - Shot by Alexander Ovechkin.
1:10 of 2nd period - Shot Misses the Net.
1:12 of 2nd period - Shot by MacKenzie Weegar.
1:12 of 2nd period - Shot Blocked by Henri Jokiharju.
1:14 of 2nd period - Shot by David Savard.
1:14 of 2nd period - Shot Blocked by Henri Jokiharju.
1:16 of 2nd period - Shot by Matthew Tkachuk.
1:16 of 2nd period - Shot Misses the Net.
1:24 of 2nd period - Shot by Alexander Ovechkin.
1:24 of 2nd period - Goal by Alexander Ovechkin - ANAHEIM OUTLAWS : 2 - UTAH ICE BEARS : 2.
1:25 of 2nd period - Matthew Beniers wins face-off versus Kevin Fiala in neutral zone.
1:35 of 2nd period - Alexander Barabanov is hit by Morgan Rielly and loses puck.
2:38 of 2nd period - Matthew Tkachuk is hit by Kent Johnson and loses puck.
2:45 of 2nd period - Shot by Kent Johnson.
2:45 of 2nd period - Stopped by Thatcher Demko without a rebound.
2:46 of 2nd period - Morgan Frost wins face-off versus Adrian Kempe in UTAH ICE BEARS zone.
2:46 of 2nd period - Morgan Frost is hit by Carter Verhaeghe.
3:03 of 2nd period - Shot by Adrian Kempe.
3:03 of 2nd period - Stopped by Thatcher Demko without a rebound.
3:04 of 2nd period - Evgeni Malkin wins face-off versus Kevin Fiala in UTAH ICE BEARS zone.
3:15 of 2nd period - Shot by Alexander Ovechkin.
3:15 of 2nd period - Stopped by Lukas Dostal without a rebound.
3:16 of 2nd period - Morgan Frost wins face-off versus Adrian Kempe in ANAHEIM OUTLAWS zone.
4:28 of 2nd period - Shot by Evgeni Malkin.
4:28 of 2nd period - Shot Misses the Net.
5:17 of 2nd period - Icing by Artem Zub.
5:18 of 2nd period - Evgeni Malkin wins face-off versus Pius Suter in UTAH ICE BEARS zone.
5:34 of 2nd period - Shot by Kent Johnson.
5:34 of 2nd period - Shot Misses the Net.
5:36 of 2nd period - Shot by Jack Quinn.
5:36 of 2nd period - Stopped by Thatcher Demko without a rebound.
5:37 of 2nd period - Adrian Kempe wins face-off versus Matthew Beniers in UTAH ICE BEARS zone.
5:51 of 2nd period - Shot by Jordan Eberle.
5:51 of 2nd period - Stopped by Lukas Dostal without a rebound.
5:52 of 2nd period - Pius Suter wins face-off versus Morgan Frost in ANAHEIM OUTLAWS zone.
6:03 of 2nd period - Shot by Jack Quinn.
6:03 of 2nd period - Shot Blocked by Bowen Byram.
6:21 of 2nd period - Oliver Ekman-Larsson is hit by Lucas Raymond and loses puck.
6:34 of 2nd period - Shot by Matias Maccelli.
6:34 of 2nd period - Stopped by Lukas Dostal with a rebound.
6:36 of 2nd period - Shot by Andrew Peeke.
6:36 of 2nd period - Shot Misses the Net.
6:38 of 2nd period - Shot by Morgan Frost.
6:38 of 2nd period - Deflect By Matias Maccelli.
6:38 of 2nd period - Shot Misses the Net.
7:06 of 2nd period - Shot by Matthew Beniers.
7:06 of 2nd period - Deflect By Jordan Eberle.
7:06 of 2nd period - Shot Misses the Net.
7:10 of 2nd period - Shot by Jordan Eberle.
7:10 of 2nd period - Shot Misses the Net.
7:58 of 2nd period - Shot by Alexander Ovechkin.
7:58 of 2nd period - Stopped by Lukas Dostal without a rebound.
7:59 of 2nd period - Blake Lizotte wins face-off versus Adrian Kempe in ANAHEIM OUTLAWS zone.
9:07 of 2nd period - Shot by Evgeni Malkin.
9:07 of 2nd period - Shot Hit the Post.
9:09 of 2nd period - Shot by Evgeni Malkin.
9:09 of 2nd period - Shot Misses the Net.
9:11 of 2nd period - Shot by Kristopher Letang.
9:11 of 2nd period - Stopped by Lukas Dostal without a rebound.
9:12 of 2nd period - Kevin Fiala wins face-off versus Alexander Barabanov in ANAHEIM OUTLAWS zone.
9:12 of 2nd period - Kevin Fiala is hit by Alexander Barabanov.
9:24 of 2nd period - Shot by Jeff Skinner.
9:24 of 2nd period - Deflect By Kevin Fiala.
9:24 of 2nd period - Goal by Kevin Fiala - ANAHEIM OUTLAWS : 3 - UTAH ICE BEARS : 2.
9:25 of 2nd period - Alexander Ovechkin wins face-off versus Pius Suter in neutral zone.
9:34 of 2nd period - Shot by Evgeni Malkin.
9:34 of 2nd period - Deflect By Matthew Tkachuk.
9:34 of 2nd period - Stopped by Lukas Dostal with a rebound.
9:36 of 2nd period - Shot by Artem Zub.
9:36 of 2nd period - Shot Blocked by Rasmus Ristolainen.
9:57 of 2nd period - Off-side.
9:58 of 2nd period - Matthew Beniers wins face-off versus Kevin Fiala in neutral zone.
10:29 of 2nd period - Shot by Alexander Barabanov.
10:29 of 2nd period - Shot Misses the Net.
11:02 of 2nd period - Minor Penalty to Rasmus Ristolainen for Holding.
11:03 of 2nd period - Kent Johnson wins face-off versus Evgeni Malkin in ANAHEIM OUTLAWS zone.
11:14 of 2nd period - Henri Jokiharju is hit by Evgeni Malkin and loses puck.
11:43 of 2nd period - Matthew Tkachuk is hit by Henri Jokiharju.
12:15 of 2nd period - Shot by Artem Zub.
12:15 of 2nd period - Deflect By Alexander Barabanov.
12:15 of 2nd period - Stopped by Lukas Dostal with a rebound.
12:44 of 2nd period - Off-side.
12:45 of 2nd period - Evgeni Malkin wins face-off versus Kent Johnson in neutral zone.
13:06 of 2nd period - Shot by Morgan Frost.
13:06 of 2nd period - Goal by Morgan Frost - ANAHEIM OUTLAWS : 3 - UTAH ICE BEARS : 3.
13:07 of 2nd period - Morgan Frost wins face-off versus Adrian Kempe in neutral zone.
13:24 of 2nd period - Shot by Morgan Frost.
13:24 of 2nd period - Shot Blocked by Adrian Kempe.
13:34 of 2nd period - Shot by Carter Verhaeghe.
13:34 of 2nd period - Stopped by Thatcher Demko without a rebound.
13:35 of 2nd period - Matthew Beniers wins face-off versus Joey Anderson in UTAH ICE BEARS zone.
13:42 of 2nd period - Shot by Jordan Eberle.
13:42 of 2nd period - Shot Blocked by Morgan Rielly.
13:44 of 2nd period - Shot by Artem Zub.
13:44 of 2nd period - Stopped by Lukas Dostal without a rebound.
13:45 of 2nd period - Evgeni Malkin wins face-off versus Pius Suter in ANAHEIM OUTLAWS zone.
14:49 of 2nd period - Artem Zub is hit by Kevin Fiala.
14:56 of 2nd period - Alexander Barabanov is hit by Victor Soderstrom and loses puck.
15:12 of 2nd period - Shot by Jordan Eberle.
15:12 of 2nd period - Shot Misses the Net.
15:25 of 2nd period - Minor Penalty to Victor Soderstrom for Tripping.
15:26 of 2nd period - Evgeni Malkin wins face-off versus Kent Johnson in ANAHEIM OUTLAWS zone.
15:41 of 2nd period - Shot by Alexander Ovechkin.
15:41 of 2nd period - Deflect By Evgeni Malkin.
15:41 of 2nd period - Stopped by Lukas Dostal with a rebound.
15:43 of 2nd period - Shot by Alexander Ovechkin.
15:43 of 2nd period - Stopped by Lukas Dostal without a rebound.
15:44 of 2nd period - Matthew Beniers wins face-off versus Jeff Skinner in ANAHEIM OUTLAWS zone.
17:01 of 2nd period - Shot by Alexander Ovechkin.
17:01 of 2nd period - Stopped by Lukas Dostal with a rebound.
17:03 of 2nd period - Shot by Artem Zub.
17:03 of 2nd period - Shot Misses the Net.
17:13 of 2nd period - Shot by Matthew Beniers.
17:13 of 2nd period - Shot Misses the Net.
17:15 of 2nd period - Shot by Bowen Byram.
17:15 of 2nd period - Shot Misses the Net.
17:40 of 2nd period - Icing by David Savard.
17:41 of 2nd period - Morgan Frost wins face-off versus Pius Suter in UTAH ICE BEARS zone.
17:50 of 2nd period - Shot by Morgan Frost.
17:50 of 2nd period - Deflect By Lucas Raymond.
17:50 of 2nd period - Stopped by Lukas Dostal without a rebound.
17:51 of 2nd period - Blake Lizotte wins face-off versus Kevin Fiala in ANAHEIM OUTLAWS zone.
18:07 of 2nd period - Casey Mittelstadt is hit by Noah Hanifin and loses puck.
18:54 of 2nd period - Shot by Carter Verhaeghe.
18:54 of 2nd period - Stopped by Thatcher Demko without a rebound.
18:55 of 2nd period - Evgeni Malkin wins face-off versus Pius Suter in UTAH ICE BEARS zone.
19:00 of 2nd period - Oliver Ekman-Larsson is hit by Alexander Ovechkin and loses puck.
19:50 of 2nd period - Icing by Rasmus Ristolainen.
19:51 of 2nd period - Jordan Eberle wins face-off versus Pius Suter in ANAHEIM OUTLAWS zone.
19:54 of 2nd period - Shot by Matthew Beniers.
19:54 of 2nd period - Stopped by Lukas Dostal without a rebound.
19:55 of 2nd period - Matthew Beniers wins face-off versus Joey Anderson in ANAHEIM OUTLAWS zone.
19:55 of 2nd period - Matthew Beniers is hit by Victor Soderstrom.
Goals for this period are 2 for ANAHEIM OUTLAWS vs 2 for UTAH ICE BEARS.
Shots for this period are 7 for ANAHEIM OUTLAWS vs 18 for UTAH ICE BEARS.

3rd period


0:01 of 3rd period - Kevin Fiala wins face-off versus Alexander Barabanov in neutral zone.
0:16 of 3rd period - Icing by Artem Zub.
0:17 of 3rd period - Matthew Beniers wins face-off versus Adrian Kempe in UTAH ICE BEARS zone.
1:57 of 3rd period - Shot by Matthew Tkachuk.
1:57 of 3rd period - Shot Misses the Net.
2:13 of 3rd period - Icing by Jeff Skinner.
2:14 of 3rd period - Morgan Frost wins face-off versus Kevin Fiala in ANAHEIM OUTLAWS zone.
2:14 of 3rd period - Morgan Frost is hit by Morgan Rielly.
3:28 of 3rd period - Off-side.
3:29 of 3rd period - Adrian Kempe wins face-off versus Evgeni Malkin in neutral zone.
3:57 of 3rd period - Shot by Evgeni Malkin.
3:57 of 3rd period - Shot Misses the Net.
4:47 of 3rd period - Shot by Kevin Fiala.
4:47 of 3rd period - Shot Misses the Net.
4:57 of 3rd period - Evgeni Malkin is hit by Victor Soderstrom and loses puck.
5:24 of 3rd period - Shot by Matthew Beniers.
5:24 of 3rd period - Shot Blocked by Oliver Ekman-Larsson.
5:26 of 3rd period - Shot by Alexander Barabanov.
5:26 of 3rd period - Shot Misses the Net.
5:45 of 3rd period - Off-side.
5:46 of 3rd period - Adrian Kempe wins face-off versus Morgan Frost in neutral zone.
6:27 of 3rd period - Off-side.
6:28 of 3rd period - Alexander Barabanov wins face-off versus Kevin Fiala in neutral zone.
7:45 of 3rd period - Shot by Pius Suter.
7:45 of 3rd period - Stopped by Thatcher Demko without a rebound.
7:46 of 3rd period - Carter Verhaeghe wins face-off versus Evgeni Malkin in UTAH ICE BEARS zone.
8:24 of 3rd period - Shot by Adrian Kempe.
8:24 of 3rd period - Shot Misses the Net.
8:26 of 3rd period - Shot by Morgan Rielly.
8:26 of 3rd period - Stopped by Thatcher Demko without a rebound.
8:27 of 3rd period - Kevin Fiala wins face-off versus Lucas Raymond in UTAH ICE BEARS zone.
8:27 of 3rd period - Kevin Fiala is hit by Bowen Byram.
9:27 of 3rd period - Matias Maccelli is hit by Jack Quinn and loses puck.
9:36 of 3rd period - Shot by Kent Johnson.
9:36 of 3rd period - Shot Misses the Net.
9:39 of 3rd period - Icing by Matias Maccelli.
9:40 of 3rd period - Morgan Frost wins face-off versus Adrian Kempe in UTAH ICE BEARS zone.
10:01 of 3rd period - Shot by Carter Verhaeghe.
10:01 of 3rd period - Shot Blocked by Andrew Peeke.
10:03 of 3rd period - Shot by Michael Bunting.
10:03 of 3rd period - Shot Misses the Net.
10:41 of 3rd period - Shot by Jeff Skinner.
10:41 of 3rd period - Stopped by Thatcher Demko without a rebound.
10:42 of 3rd period - Evgeni Malkin wins face-off versus Pius Suter in UTAH ICE BEARS zone.
10:42 of 3rd period - Evgeni Malkin is hit by Pius Suter.
10:58 of 3rd period - Shot by Alexander Ovechkin.
10:58 of 3rd period - Stopped by Lukas Dostal with a rebound.
11:00 of 3rd period - Shot by Evgeni Malkin.
11:00 of 3rd period - Goal by Evgeni Malkin - ANAHEIM OUTLAWS : 3 - UTAH ICE BEARS : 4.
11:01 of 3rd period - Kevin Fiala wins face-off versus Matthew Beniers in neutral zone.
11:16 of 3rd period - Shot by Jeff Skinner.
11:16 of 3rd period - Stopped by Thatcher Demko without a rebound.
11:17 of 3rd period - Evgeni Malkin wins face-off versus Adrian Kempe in UTAH ICE BEARS zone.
11:35 of 3rd period - Shot by Alexander Ovechkin.
11:35 of 3rd period - Stopped by Lukas Dostal without a rebound.
11:36 of 3rd period - Matthew Beniers wins face-off versus Kevin Fiala in ANAHEIM OUTLAWS zone.
12:07 of 3rd period - Shot by Jordan Eberle.
12:07 of 3rd period - Shot Misses the Net.
12:11 of 3rd period - Shot by Alexander Barabanov.
12:11 of 3rd period - Shot Misses the Net.
12:19 of 3rd period - Shot by Alexander Barabanov.
12:19 of 3rd period - Shot Misses the Net.
12:21 of 3rd period - Shot by MacKenzie Weegar.
12:21 of 3rd period - Shot Blocked by Joey Anderson.
12:23 of 3rd period - Shot by Jordan Eberle.
12:23 of 3rd period - Stopped by Lukas Dostal with a rebound.
13:22 of 3rd period - Shot by Carter Verhaeghe.
13:22 of 3rd period - Stopped by Thatcher Demko without a rebound.
13:23 of 3rd period - Lucas Raymond wins face-off versus Pius Suter in UTAH ICE BEARS zone.
13:37 of 3rd period - Shot by Kent Johnson.
13:37 of 3rd period - Goal by Kent Johnson - ANAHEIM OUTLAWS : 4 - UTAH ICE BEARS : 4.
13:38 of 3rd period - Kevin Fiala wins face-off versus Alexander Barabanov in neutral zone.
13:40 of 3rd period - Rasmus Ristolainen is hit by MacKenzie Weegar and loses puck.
13:43 of 3rd period - Shot by Rasmus Ristolainen.
13:43 of 3rd period - Stopped by Thatcher Demko without a rebound.
13:44 of 3rd period - Matthew Beniers wins face-off versus Pius Suter in UTAH ICE BEARS zone.
14:09 of 3rd period - Icing by MacKenzie Weegar.
14:10 of 3rd period - Kevin Fiala wins face-off versus Matthew Beniers in UTAH ICE BEARS zone.
14:25 of 3rd period - Shot by Jeff Skinner.
14:25 of 3rd period - Shot Misses the Net.
14:27 of 3rd period - Shot by Oliver Ekman-Larsson.
14:27 of 3rd period - Stopped by Thatcher Demko without a rebound.
14:28 of 3rd period - Evgeni Malkin wins face-off versus Adrian Kempe in UTAH ICE BEARS zone.
14:39 of 3rd period - Shot by Evgeni Malkin.
14:39 of 3rd period - Goal by Evgeni Malkin - ANAHEIM OUTLAWS : 4 - UTAH ICE BEARS : 5.
14:40 of 3rd period - Kevin Fiala wins face-off versus Morgan Frost in neutral zone.
14:59 of 3rd period - Shot by Jeff Skinner.
14:59 of 3rd period - Shot Misses the Net.
15:01 of 3rd period - Shot by Jeff Skinner.
15:01 of 3rd period - Shot Misses the Net.
15:03 of 3rd period - Shot by Kevin Fiala.
15:03 of 3rd period - Stopped by Thatcher Demko without a rebound.
15:04 of 3rd period - Evgeni Malkin wins face-off versus Adrian Kempe in UTAH ICE BEARS zone.
15:36 of 3rd period - Icing by Morgan Rielly.
15:37 of 3rd period - Adrian Kempe wins face-off versus Matthew Beniers in ANAHEIM OUTLAWS zone.
16:08 of 3rd period - Henri Jokiharju is hit by Alexander Barabanov and loses puck.
16:15 of 3rd period - Henri Jokiharju is hit by Alexander Barabanov and loses puck.
17:11 of 3rd period - Jack Quinn is hit by Alexander Ovechkin and loses puck.
17:26 of 3rd period - Shot by Kent Johnson.
17:26 of 3rd period - Shot Misses the Net.
18:13 of 3rd period - Alexander Ovechkin is hit by Michael Bunting and loses puck.
18:18 of 3rd period - Shot by Carter Verhaeghe.
18:18 of 3rd period - Stopped by Thatcher Demko with a rebound.
18:42 of 3rd period - Shot by Lucas Raymond.
18:42 of 3rd period - Shot Misses the Net.
18:44 of 3rd period - Shot by Andrew Peeke.
18:44 of 3rd period - Stopped by Lukas Dostal without a rebound.
18:45 of 3rd period - Morgan Frost wins face-off versus Kevin Fiala in ANAHEIM OUTLAWS zone.
19:24 of 3rd period - Andrew Peeke is hit by Kevin Fiala and loses puck.
19:43 of 3rd period - Shot by Jordan Eberle.
19:43 of 3rd period - Stopped by Lukas Dostal without a rebound.
19:44 of 3rd period - Adrian Kempe wins face-off versus Evgeni Malkin in ANAHEIM OUTLAWS zone.
19:49 of 3rd period - ANAHEIM OUTLAWS, Lukas Dostal is pulled from the net.
19:57 of 3rd period - Shot by Kent Johnson.
19:57 of 3rd period - Deflect By Adrian Kempe.
19:57 of 3rd period - Stopped by Thatcher Demko without a rebound.
19:58 of 3rd period - Evgeni Malkin wins face-off versus Michael Bunting in UTAH ICE BEARS zone.
Goals for this period are 1 for ANAHEIM OUTLAWS vs 2 for UTAH ICE BEARS.
Shots for this period are 11 for ANAHEIM OUTLAWS vs 7 for UTAH ICE BEARS.


RYAN
NUGENT-HOPKINS
THATCHER
DEMKO
MITCHELL
MARNER

EAST COAST

HOCKEY LEAGUE

  • 13.MAN3PIT5
  • 14.NHW2ATL3
  • 15.PET5WOR4
  • 16.RHI30
  • 17.QUECHI
  • 18.CHALIM
  • 19.TRVLON
  • 20.CHWBAL